 Dungeon Crawl Stone Soup version 0.31-a0-691-g409c26aa35 (webtiles) character file.

Game seed: 15910943693807126479

369 qw the Shooter (level 6, -4/38 HPs)
             Began as a Gargoyle Hunter on Sept 6, 2023.
             Slain by an ogre
             ... wielding a +0 giant club
              (20 damage)
             ... on level 4 of the Dungeon.
             The game lasted 00:01:03 (2960 turns).

qw the Shooter (Gargoyle Hunter)                    Turns: 2960, Time: 00:01:03

Health: -4/38      AC: 11    Str: 15    XL:     6   Next: 70%
Magic:  6/6        EV: 11    Int:  9    God:
Gold:   232        SH:  0    Dex: 15    Spells: 5/5 levels left

rFire   . . .        c - +0 shortbow (heavy)
rCold   + . .        (shield currently unavailable)
rNeg    + . .        f - +0 ring mail
rPois   inf          h - +0 helmet
rElec   +            (no cloak)
rCorr   .            (no gloves)
SInv    .            g - +0 pair of boots
Will    .....        (no amulet)
Stlth   +            k - ring of protection from cold
HPRegen 0.26/turn    (no ring)
MPRegen 0.10/turn

%: no passive effects
@: no status effects
A: sickness immunity, AC +4, negative energy resistance 1, electricity
resistance, torment resistance 1, petrification resistance
a: no special abilities


You were on level 4 of the Dungeon.
You visited 1 branch of the dungeon, and saw 4 of its levels.

You collected 232 gold pieces.


Innate Abilities, Weirdness & Mutations

You are immune to sickness and miasma.
Your stone body is resilient. (AC +4)
You are immune to poison.
You resist negative energy. (rN+)
You are resistant to electric shocks. (rElec)
You are resistant to unholy torment.
You are immune to petrification.


   Skills:
 - Level 4.2 Fighting
 + Level 6.9 Ranged Weapons
 - Level 1.0 Armour
 - Level 1.5 Dodging
 - Level 1.1 Stealth


You had 5 spell levels left.
You didn't know any spells.
Your spell library was empty.

Inventory:

Hand Weapons
 c - a +0 heavy shortbow (weapon)
Armour
 f - a +0 ring mail (worn)
 g - a +0 pair of boots (worn)
 h - a +0 helmet (worn)
Jewellery
 k - a ring of protection from cold (left hand)
Scrolls
 a - a scroll of identify
 n - 3 scrolls of teleportation
Potions
 b - 2 potions of curing
 e - 2 potions of enlightenment
 i - a potion of heal wounds
 j - a potion of cancellation
 l - a potion of brilliance {unknown}
 m - a potion of magic {unknown}

Dungeon Overview and Level Annotations

Branches:
Dungeon (4/15)
 Temple: D:4-7

Altars:
Hepliaklqana


Message History

You shoot an arrow. The arrow closely misses the goblin.
You shoot an arrow. The arrow barely misses the goblin.
The goblin hits you but does no damage.
You shoot an arrow. The arrow completely misses the goblin.
The goblin hits you but does no damage. x2
You shoot an arrow. The arrow hits the goblin!
You kill the goblin!
You now have 224 gold pieces (gained 6).
Items here: %% )))) [.
b - 2 potions of curing (gained 1)
You now have 232 gold pieces (gained 8).
Items here: %% ) [.
Found a scroll of butterflies and a club.
Found a stone staircase leading down.
Found a dagger.
You see here a +0 dagger.
Found an escape hatch in the ceiling.
n - 3 scrolls of teleportation (gained 1)
There is a stone staircase leading down here.
Found a stone staircase leading up.
An ogre comes into view. It is wielding a +0 giant club.
The ogre shouts!
You shoot an arrow. The arrow hits the ogre!
The ogre is heavily wounded.
You hear a shout!
An ogre comes into view. It is wielding a +0 giant club.
You shoot an arrow. The arrow hits the ogre!
The ogre is severely wounded.
The ogre barely misses you.
You shoot an arrow.
The arrow hits the ogre but does no damage.
The ogre is severely wounded.
You shoot an arrow. The arrow hits the ogre.
The ogre is severely wounded.
The ogre hits you with a +0 giant club! x2
You shoot an arrow. The arrow hits the ogre.
The ogre is severely wounded.
The ogre hits you with a +0 giant club!!
Ouch! That really hurt!
You die...

#.. #.# #.# ##
#.# ... ... #..
#.# ###..##O#
......O@###
..#..######...#
.### #...
#.#.###
....##..#
#.#...# ..
....#.<#
#..##.#...
.....#
##.#......
#...#
#........#
#...#####
#..#####... #
##.>.....#
##...# ###


You could see 2 ogres.

Vanquished Creatures
  Pargi (D:3)
  Blork the orc (D:4)
  A scorpion (D:4)
  5 adders
  2 worms (D:2)
  3 dart slugs
  3 orcs (D:4)
  8 endoplasms
  5 giant cockroaches
  14 goblins
  11 hobgoblins
  4 jackals (D:2)
  4 quokkas
  5 ball pythons
  2 bats
  4 frilled lizards
  6 kobolds
  4 rats
  A spectral goblin (D:3)
84 creatures vanquished.

Notes
Turn   | Place    | Note
-------+----------+-------------------------------------------
     0 | D:1      | qw the Gargoyle Hunter began the quest for the Orb.
     0 | D:1      | Reached XP level 1. HP: 12/12 MP: 1/1
     0 | D:1      | 0 ||| qw: Version: 0.3-a-76-g4403597
     0 | D:1      | 0 ||| qw: Game counter: 23
     0 | D:1      | 0 ||| qw: Melee chars always use a shield: true
     0 | D:1      | 0 ||| qw: God list: Okawaru
     0 | D:1      | 0 ||| qw: Allow faded altars: false
     0 | D:1      | 0 ||| qw: Do Orc after clearing Dungeon:15 true
     0 | D:1      | 0 ||| qw: Do second Lair branch before Depths: true
     0 | D:1      | 0 ||| qw: Lair rune preference: random
     0 | D:1      | 0 ||| qw: Goals: Normal
     0 | D:1      | 0 ||| PLANNING D:1-11
   117 | D:1      | Reached XP level 2. HP: 17/17 MP: 2/2
   124 | D:1      | Found a faded altar of an unknown god.
   856 | D:1      | 856 ||| UPGRADING to +0 ring mail.
   866 | D:1      | 866 ||| DROPPING +0 leather armour.
   867 | D:1      | 867 ||| READING 4 scrolls labelled TIRIOK ESMOBOI.
   868 | D:1      | 868 ||| READING scroll labelled POEJE DONUOL.
   872 | D:1      | 872 ||| READING scroll labelled WOWEWEENAN.
   873 | D:1      | 873 ||| DRINKING 3 red potions.
   874 | D:1      | 874 ||| READING 3 scrolls of identify.
   874 | D:1      | 874 ||| IDENTIFYING amethyst potion
   875 | D:1      | 875 ||| READING 2 scrolls of identify.
   875 | D:1      | 875 ||| IDENTIFYING bubbling purple potion
   876 | D:1      | 876 ||| DROPPING scroll of butterflies.
   903 | D:2      | 903 ||| STAIRDANCE
   937 | D:2      | 937 ||| STAIRDANCE
   971 | D:2      | Reached skill level 1 in Armour
   971 | D:2      | Reached XP level 3. HP: 21/21 MP: 3/3
  1064 | D:2      | Reached skill level 5 in Ranged Weapons
  1247 | D:2      | Reached XP level 4. HP: 27/27 MP: 4/4
  1358 | D:2      | Reached skill level 3 in Fighting
  1704 | D:2      | 1704 ||| UPGRADING to +0 pair of boots.
  1709 | D:2      | 1709 ||| UPGRADING to +0 helmet.
  1714 | D:2      | 1714 ||| UPGRADING to ring of protection from cold.
  1715 | D:2      | 1715 ||| READING scroll labelled NOPLEP FUKAI.
  1716 | D:2      | 1716 ||| READING scroll labelled DEAPTOT OTIR.
  1938 | D:3      | Noticed Pargi
  1945 | D:3      | Killed Pargi
  1946 | D:3      | Reached skill level 6 in Ranged Weapons
  1946 | D:3      | Reached XP level 5. HP: 24/32 MP: 5/5
  2331 | D:3      | Found a hazy altar of Hepliaklqana.
  2624 | D:3      | 2624 ||| DRINKING 2 cyan potions.
  2625 | D:3      | 2625 ||| READING 2 scrolls of identify.
  2625 | D:3      | 2625 ||| IDENTIFYING metallic ruby potion
  2626 | D:3      | 2626 ||| DROPPING potion of ambrosia.
  2640 | D:4      | 2640 ||| STAIRDANCE
  2647 | D:4      | 2647 ||| STAIRDANCE
  2647 | D:4      | Noticed Blork the orc
  2650 | D:3      | Reached XP level 6. HP: 35/37 MP: 6/6
  2658 | D:4      | 2658 ||| STAIRDANCE
  2673 | D:4      | Killed Blork the orc
  2674 | D:4      | 2674 ||| STAIRDANCE
  2738 | D:4      | 2738 ||| FLEEEEING.
  2739 | D:4      | 2739 ||| FLEEEEING.
  2743 | D:4      | 2743 ||| FLEEEEING.
  2744 | D:4      | 2744 ||| FLEEEEING.
  2746 | D:4      | 2746 ||| STAIRDANCE
  2797 | D:3      | 2797 ||| DRINKING 2 green potions.
  2902 | D:3      | 2902 ||| DROPPING potion of berserk rage.
  2960 | D:4      | Slain by an ogre

Levels and vault maps discovered:
D:1:      dpeg_arrival_tiny_i, layout_basic, hellmonk_ecumenical_altar_lost_god
D:2:      cheibrodos_greedy_goblins, layout_basic, minmay_worlds_worst_comb
D:3:      layout_basic, nicolae_hepliaklqana_monster_ancestors, uniq_pargi
D:4:      layout_rooms, minmay_temple_entry_antechambers, minmay_circle_x,
          uniq_eustachio, uniq_blork_the_orc, uniq_duvessa, uniq_natasha

Skill      XL: |  1  2  3  4  5  6 |
---------------+-------------------+-----
Armour         | 1 |  1.0
Ranged Weapons | 5 6 |  6.9
Fighting       | 3 4 |  4.2
Dodging        | |  1.5
Stealth        | |  1.1

Action                     |  1- 3 |  4- 6 || total
---------------------------+-------+-------++-------
   Fire: Shortbow          |   100 |   116 ||   216
    Use: Scroll            |     5 |     3 ||     8
         Potion            |     1 |     2 ||     3
 Armour: Leather armour    |     5 |       ||     5
         Ring mail         |    47 |    71 ||   118
  Dodge: Dodged            |    41 |    76 ||   117

Table legend:
 A = Non-vault XP
 B = Vault XP
 C = Vault XP percentage of total XP
 D = Non-vault monster count
 E = Vault monster count
 F = Vault count percentage of total count
                 A         B        C        D         E       F
            +---------+---------+-------+---------+---------+-------
      Total |     251 |     277 |  52.5 |      65 |      19 |  22.6
            +---------+---------+-------+---------+---------+-------
        D:1 |      27 |       0 |   0.0 |      14 |       0 |   0.0
        D:2 |      79 |      22 |  21.8 |      26 |      11 |  29.7
        D:3 |      58 |     138 |  70.4 |      20 |       3 |  13.0
        D:4 |      87 |     117 |  57.4 |       5 |       5 |  50.0
            +---------+---------+-------+---------+---------+-------
